 Dungeon Crawl Stone Soup version 0.30-a0-250-g41c1d76940 (webtiles) character file.

Game seed: 10145972708969083778

391 themarg the Fighter (level 6, -14/62 HPs)
             Began as a Minotaur Monk on Oct 13, 2022.
             Demolished by an ogre
             ... wielding a +0 giant club
              (30 damage)
             ... on level 4 of the Dungeon.
             The game lasted 00:07:02 (2516 turns).

themarg the Fighter (Minotaur Monk)                 Turns: 2516, Time: 00:07:03

Health: -14/62     AC: 10    Str: 17    XL:     6   Next: 50%
Magic:  5/5        EV:  7    Int:  7    God:
Gold:   145        SH:  0    Dex: 13    Spells: 5/5 levels left

rFire   . . .      SeeInvis .    a - +0 hand axe
rCold   . . .      Faith    .    (no shield)
rNeg    . . .      Spirit   .    r - +0 chain mail
rPois   .          Reflect  .    (helmet restricted)
rElec   .          Harm     .    j - +0 cloak
rCorr   .          Rampage  .    (no gloves)
Will    .....                    i - +0 pair of boots
Stlth   ..........               (no amulet)
HPRegen 0.30/turn                (no ring)
MPRegen 0.09/turn                (no ring)

@: confused, ambrosia-drunk
A: horns 2, retaliatory headbutt
a: no special abilities


You were on level 4 of the Dungeon.
You visited 1 branch of the dungeon, and saw 4 of its levels.

You collected 145 gold pieces.

Inventory:

Hand Weapons
 a - a +0 hand axe (weapon)
Missiles
 e - 36 stones (quivered)
Armour
 f - a +0 plate armour
 i - a +0 pair of boots (worn)
 j - a +0 cloak (worn)
 r - a +0 chain mail (worn)
Jewellery
 m - a ring of ice
 t - a ring of flight
Scrolls
 b - 2 scrolls of amnesia {unknown}
 d - a scroll of magic mapping {unknown}
 h - 4 scrolls of teleportation {unknown}
 o - a scroll of brand weapon {unknown}
 q - 2 scrolls of identify {unknown}
Potions
 g - a potion of haste {unknown}
 k - 3 potions of degeneration {unknown}
 l - a potion of invisibility {unknown}
 n - 3 potions of cancellation {unknown}
 p - 3 potions of curing {unknown}
 s - a potion of might {unknown}


   Skills:
 + Level 8.6 Fighting
 - Level 3.8 Axes
 - Level 3.4 Dodging
 - Level 1.8 Stealth


You had 5 spell levels left.
You didn't know any spells.
Your spell library contained the following spells:

 Spells                   Type           Power      Damage    Failure   Level
 Stone Arrow              Conj/Erth      0%         3d7       100%        3
 Animate Armour           Summ/Erth      0%         N/A       100%        4
 Lehudib's Crystal Spear  Conj/Erth      0%         10d2      100%        8


Dungeon Overview and Level Annotations

Branches:
Dungeon (4/15)
 Temple: D:4-7

Altars:
Qazlal
The Shining One

Annotations:
D:2 1 runed translucent door, Crazy Yiuf


Innate Abilities, Weirdness & Mutations

You have a pair of horns on your head.
You reflexively headbutt those who attack you in melee.


Message History

The orc priest is heavily wounded.
The orc priest invokes the aid of Beogh against you.
Beogh smites you!
You barely miss the orc priest.
The orc priest is heavily wounded.
The orc priest closely misses you. You furiously retaliate!
You headbutt the orc priest, but do no damage.
You closely miss the orc priest.
The orc priest is heavily wounded.
The ogre shouts!
You hit the kobold. The kobold closely misses you. You furiously retaliate!
You headbutt the kobold!
You kill the kobold!
The orc priest hits you with a +0 flail.
You hit the orc priest but do no damage.
Your headbutt misses the orc priest.
The orc priest is heavily wounded.
The orc priest mumbles some strange prayers to Beogh against you.
You barely resist. You hit the orc priest.
The orc priest is severely wounded.
The orc priest hits you with a +0 flail.
You barely miss the orc priest.
The orc priest is severely wounded.
The orc priest barely misses you.
The orc priest hits you but does no damage.
You completely miss the orc priest. Your headbutt misses the orc priest.
The orc priest is severely wounded.
The orc priest hits you with a +0 flail.
You hit the orc priest. You headbutt the orc priest.
You kill the orc priest!
You hit the ogre. The ogre hits you with a +0 giant club!
You are confused.
You feel invigorated. The ogre hits you with a +0 giant club!
* * * LOW HITPOINT WARNING * * *
There is a stone staircase leading up, spattered with blood here.
You bump into the rock wall.
The ogre hits you with a +0 giant club!!
You die...

#...(....#.#.#
#............#
#............#
#............#
#............+
#............#
##...#.#.....#
###.#.#))...#
#.#.#@O..<#
#.#.##....#
#.#.##....#
#..)......#
##########.##....#
...........##....#
#############....#
######


You could see an ogre.

Vanquished Creatures
  Sigmund (D:2)
  A phantom (D:3)
  An orc priest (D:4)
  Terence (D:2)
  Robin (D:2)
  4 adders
  2 orcs (D:4)
  8 endoplasms
  A giant cockroach (D:2)
  13 goblins
  5 hobgoblins
  6 ball pythons
  5 bats
  5 frilled lizards
  3 kobolds
  9 rats
66 creatures vanquished.

Notes
Turn   | Place    | Note
-------+----------+-------------------------------------------
     0 | D:1      | themarg the Minotaur Monk began the quest for the Orb.
     0 | D:1      | Reached XP level 1. HP: 19/19 MP: 0/0
   133 | D:1      | Reached XP level 2. HP: 27/27 MP: 1/1
   386 | D:1      | Reached skill level 4 in Fighting
   630 | D:2      | Noticed Robin
   652 | D:2      | Killed Robin
   653 | D:2      | Reached XP level 3. HP: 32/34 MP: 2/2
   718 | D:2      | Reached skill level 5 in Fighting
   830 | D:2      | Found a runed translucent door.
   831 | D:2      | Noticed Crazy Yiuf
   920 | D:2      | Noticed Sigmund
   935 | D:2      | Killed Sigmund
   936 | D:2      | Reached skill level 7 in Fighting
   936 | D:2      | Reached XP level 4. HP: 14/47 MP: 3/3
   936 | D:2      | Reached XP level 5. HP: 16/52 MP: 4/4
  1245 | D:2      | Noticed Terence
  1255 | D:2      | Killed Terence
  1509 | D:2      | Found a glowing golden altar of the Shining One.
  1939 | D:3      | Reached XP level 6. HP: 61/61 MP: 5/5
  2014 | D:3      | Found a stormy altar of Qazlal.
  2288 | D:3      | Reached skill level 8 in Fighting
  2516 | D:4      | Demolished by an ogre

Illustrated notes

Levels and vault maps discovered:
D:1:      evilmike_arrival_home_sweet_home, layout_loops_ring
D:2:      layout_basic, basic_altar, chequers_mini_garden,
          chequers_serial_rivers_marsh, grunt_ministairs_2,
          kennysheep_generic_room_13, uniq_sigmund, uniq_terence,
          uniq_crazy_yiuf_cottage, uniq_robin
D:3:      layout_basic, mainiacjoe_overflow_small_starburst,
          chequers_serial_rivers_room_b
D:4:      minmay_diamond_boxcup, layout_basic, uniq_grinder

Skill      XL: |  1  2  3  4  5  6 |
---------------+-------------------+-----
Fighting       | 4 7 8 |  8.6
Axes           | |  3.8
Dodging        | |  3.4
Stealth        | |  1.8

Action                   |  1- 3 |  4- 6 || total
-------------------------+-------+-------++-------
Melee: Hand axe          |    80 |    83 ||   163
       Headbutt          |    10 |    12 ||    22
       Punch             |       |     1 ||     1
  Use: Potion            |       |     1 ||     1
 Stab: Sleeping          |     3 |     2 ||     5
Armor: Robe              |     6 |       ||     6
       Leather armour    |    12 |     6 ||    18
       Chain mail        |       |    38 ||    38
Dodge: Dodged            |    46 |    31 ||    77

Table legend: (Time is in decaauts)
 A = Elapsed time spent in this place.
 B = Non-inter-level travel time spent in this place.
 C = Inter-level travel time spent in this place.
 D = Time resting spent in this place.
 E = Time spent auto-exploring this place.
 F = Levels seen in this place.
 G = Mean time per level.
                   A        B        C        D        E       F      G
               +--------+--------+--------+--------+--------+-----+--------+
         Total |   2537 |   2430 |    107 |    139 |   1799 |   4 |  634.2 |
       Dungeon |   2537 |   2430 |    107 |    139 |   1799 |   4 |  634.2 |
               +--------+--------+--------+--------+--------+-----+--------+

Top non-repeatable levels by time:
     D:2: 1184 daAuts
     D:3: 679 daAuts
     D:1: 618 daAuts
     D:4: 55 daAuts
